AoeStats
← Dr_Oetker02

Arena

509409280Analyzed
4v4 RM · 5d ago on Sep 26, 2026· 44m 3s· 8 players
Game mode
Random Map
Map size
Large (8 player)
Population
200
Speed
Normal
Resources
Standard
Victory
Conquest
Starting age
Dark Age
Ending age
Imperial Age
RankedLock teamsTeams togetherTeam positionsShared explorationLock speedFull tech treeHidden civsTurbo modeCheats
Victory
Defeat
🇨🇳 Dravidians · China
1164
+15
🇨🇳 Khmer · China
1152
+15
🇨🇳 Magyars · China
1144
+16
🇮🇳 Malians · India
1125
+16
🇻🇳 Teutons · Vietnam
1201
-18
🇦🇹 Maya · Austria
1150
-16
🇻🇳 Koreans · Vietnam
1118
-15
🇩🇪 Georgians · Germany
1076
-13
Ghajini
10:10 Feudal Age
15:03 Castle Age
13:28 Double-Bit Axe
13:54 Horse Collar
15:45 Loom
22:01 Scale Mail Armor
23:54 Forging
27:10 Wheelbarrow
28:23 Chain Mail Armor
28:40 Bow Saw
28:30 Heavy Plow
30:38 Hand Cart
35:00 Imperial Age
33:52 Scale Barding Armor
34:56 Chain Barding Armor
35:04 Bloodlines
36:25 Plate Barding Armor
35:52 Farimba
35:19 Heavy Camel Rider
36:50 Husbandry
38:50 Iron Casting
37:52 Light Cavalry
39:30 Crop Rotation
40:17 Conscription
42:09 Fletching
42:59 Hoardings
41:54 Sappers
Yee
11:06 Feudal Age
12:00 Loom
15:07 Castle Age
13:15 Double-Bit Axe
14:03 Horse Collar
17:26 Bow Saw
18:26 Loom
22:59 Wheelbarrow
25:34 Gold Mining
29:08 Imperial Age
29:16 Imperial Age
27:12 Heavy Plow
27:05 Fletching
28:09 Bodkin Arrow
28:35 Hand Cart
30:10 Bracer
29:43 Heavy Cavalry Archer
30:43 Padded Archer Armor
30:56 Scale Barding Armor
31:48 Parthian Tactics
32:27 Chemistry
31:54 Husbandry
32:05 Bloodlines
33:02 Conscription
33:13 Thumb Ring
33:35 Ballistics
33:35 Leather Archer Armor
35:27 Ring Archer Armor
35:18 Chain Barding Armor
35:40 Coinage
35:48 Scale Mail Armor
36:58 Recurve Bow
39:21 Plate Barding Armor
随机便投
11:13 Feudal Age
14:08 Castle Age
11:56 Double-Bit Axe
12:24 Gold Mining
12:42 Horse Collar
17:24 Loom
22:20 Wheelbarrow
25:26 Heavy Plow
28:08 Hand Cart
36:22 Imperial Age
34:38 Bloodlines
34:29 Husbandry
35:27 Gold Shaft Mining
34:47 Stone Mining
35:39 Scale Barding Armor
35:45 Forging
37:53 Iron Casting
37:38 Chain Barding Armor
37:41 Conscription
37:58 Crop Rotation
37:29 Elite Battle Elephant
37:30 Light Cavalry
38:11 Husbandry
38:11 Hussar
40:03 Fortified Wall
39:49 Murder Holes
40:57 Chemistry
39:56 Murder Holes
40:22 Ballistics
41:50 Plate Barding Armor
42:17 Blast Furnace
SkullBump
10:47 Feudal Age
12:34 Double-Bit Axe
15:04 Castle Age
13:39 Horse Collar
18:35 Heavy Plow
23:34 Stone Mining
24:05 Bow Saw
25:16 Loom
26:06 Wheelbarrow
25:32 Gold Mining
29:25 Imperial Age
26:51 Fletching
27:28 Padded Archer Armor
27:56 Hand Cart
28:02 Bodkin Arrow
28:30 Ballistics
28:20 Masonry
29:13 Leather Archer Armor
30:04 Medical Corps
30:10 Thumb Ring
29:45 Elite Elephant Archer
30:43 Bracer
32:25 Chemistry
31:21 Murder Holes
31:39 Fortified Wall
32:10 Conscription
32:18 Town Watch
33:18 Town Patrol
36:07 Ring Archer Armor
39:19 Hoardings
42:30 Forging
42:21 Scale Mail Armor
42:26 Scale Barding Armor
43:46 Coinage
43:17 Caravan
43:27 Guilds
43:00 Siege Elephant
43:00 Onager
43:01 Heavy Scorpion
44:40 Iron Casting
44:21 Chain Mail Armor
44:08 Husbandry
Dr_Oetker02
0:27 Loom
12:07 Feudal Age
16:00 Castle Age
13:55 Double-Bit Axe
14:03 Horse Collar
15:34 Double-Bit Axe
17:39 Bow Saw
17:30 Heavy Plow
21:35 Fletching
24:37 Wheelbarrow
26:01 Hand Cart
26:04 Gold Mining
26:15 Stone Mining
31:10 Imperial Age
29:53 Padded Archer Armor
29:49 Bodkin Arrow
30:54 Ballistics
32:08 Bracer
32:31 Conscription
32:50 Crossbowman
33:37 Thumb Ring
33:49 Leather Archer Armor
34:47 Conscription
35:35 Ring Archer Armor
34:48 Treadmill Crane
38:08 Arbalester
lequochuypy96
11:22 Feudal Age
12:27 Double-Bit Axe
12:25 Horse Collar
12:37 Gold Mining
15:46 Castle Age
15:07 Wheelbarrow
16:48 Bow Saw
16:48 Heavy Plow
19:37 Pikeman
20:18 Squires
22:57 Scale Mail Armor
25:28 Hand Cart
25:34 Stone Mining
26:12 Loom
30:59 Imperial Age
29:13 Stone Shaft Mining
29:12 Forging
29:17 Chain Mail Armor
29:48 Squires
30:49 Iron Casting
30:20 Scale Barding Armor
31:20 Halberdier
31:45 Arson
31:46 Gambesons
31:21 Man-at-Arms
33:04 Blast Furnace
31:54 Fletching
32:35 Plate Mail Armor
33:36 Two-Man Saw
33:12 Crop Rotation
35:38 Crenellations
35:39 Conscription
35:55 Hoardings
36:19 Bodkin Arrow
37:05 Scale Barding Armor
38:49 Chemistry
38:09 Ballistics
38:00 Fortified Wall
38:00 Masonry
41:47 Bombard Tower
bthi68153
2:52 Loom
10:18 Feudal Age
16:20 Castle Age
14:43 Double-Bit Axe
15:02 Horse Collar
16:19 Gold Mining
Krake
2:34 Loom
11:05 Feudal Age
11:49 Double-Bit Axe
17:26 Castle Age
16:54 Horse Collar
21:47 Fletching
25:31 Wheelbarrow
26:47 Hand Cart
27:43 Bloodlines
27:34 Husbandry
28:34 Forging
28:36 Town Watch
29:38 Gold Mining
29:59 Bow Saw
31:09 Stone Mining
34:30 Imperial Age
32:09 Caravan
33:21 Bodkin Arrow
33:32 Scale Barding Armor
34:11 Stone Shaft Mining
33:09 Light Cavalry
33:57 Husbandry
34:10 Padded Archer Armor
34:33 Murder Holes
34:50 Svan Towers
35:31 Ballistics
35:10 Guard Tower
35:08 Arrowslits
36:37 Chemistry
36:51 Conscription
36:48 Bracer
38:14 Keep
37:51 Fortified Wall
37:18 Cavalier
39:32 Iron Casting
40:06 Heavy Plow
40:29 Chain Barding Armor
41:43 Leather Archer Armor
Connection lost

Rejoining the realm…

Still unreachable

The connection could not be restored.

Session expired

The server has moved on; the page needs a fresh start.